 Dungeon Crawl Stone Soup version 0.26-b1-32-g5d43845318 (webtiles) character file.

Game seed: 14398635696965426016

11970 funkygono the Basher (level 11, -4/99 HPs)
             Began as a Minotaur Fighter on Jan 13, 2021.
             Was a Priest of the Shining One.
             Slain by a thrashing horror (9 damage)
             ... on level 1 of the Abyss.
             The game lasted 00:23:02 (10421 turns).

funkygono the Basher (Minotaur Fighter)            Turns: 10421, Time: 00:23:02

Health: -4/99      AC: 28    Str: 24    XL:     11   Next: 56%
Magic:  11/11      EV:  8    Int: 11    God:    the Shining One [***...]
Gold:   374        SH:  7    Dex: 10    Spells: 10/10 levels left

rFire    . . .     SeeInvis .   a - +4 eveningstar (protect)
rCold    . . .     Faith    .   i - +1 buckler {AC+3}
rNeg     + . .     Spirit   .   C - +0 plate armour
rPois    .         Reflect  .   (helmet restricted)
rElec    .         Harm     .   v - +2 cloak
rCorr    +         Rampage  .   (no gloves)
Will     .....                  (no boots)
Stlth    ..........             n - amulet of the acrobat
HPRegen  0.26/turn              j - ring of resist corrosion
MPRegen  0.12/turn              q - +6 ring of intelligence

@: about to teleport, protection aura, glowing
A: retaliatory headbutt, horns 2
a: Renounce Religion, Divine Shield


You were on level 1 of the Abyss.
You worshipped the Shining One.
The Shining One was most pleased with you.
You visited 1 branch of the dungeon, and saw 11 of its levels.
You visited the Abyss 1 time.

You collected 374 gold pieces.

Inventory:

Hand Weapons
 a - a +4 eveningstar of protection (weapon)
 b - a +0 fustibalus
 w - a +1 flail
Missiles
 r - 87 sling bullets
 t - 4 javelins
 u - 16 boomerangs (quivered)
Armour
 c - a +0 kite shield
 i - a +1 buckler of protection (worn)
 v - a +2 cloak (worn)
 x - a +2 scale mail of cold resistance
 C - a +0 plate armour (worn)
 L - the +3 leather armour "Maeda" {Str+4 Int+3 Dex-5}
   (You found it on level 9 of the Dungeon)

   It affects your strength (+4).
   It affects your intelligence (+3).
   It affects your dexterity (-5).
Jewellery
 j - a ring of resist corrosion (left hand)
 k - an uncursed ring of flight
 n - an amulet of the acrobat (around neck)
 q - a +6 ring of intelligence (right hand)
 z - an uncursed amulet of reflection {unknown}
Wands
 A - a wand of polymorph (3)
 G - a wand of iceblast (12)
 I - a wand of acid (8)
Scrolls
 e - 4 scrolls of remove curse
 h - 10 scrolls of teleportation
 p - a scroll of blinking
 s - a scroll of fog
 y - 2 scrolls of fear
Potions
 d - a potion of might
 f - a potion of berserk rage
 g - 5 potions of attraction
 l - 2 potions of lignification
 m - 2 potions of resistance
 o - a potion of cancellation
 B - 2 potions of brilliance
 D - a potion of curing
 K - a potion of haste
Miscellaneous
 J - a phial of floods


   Skills:
 + Level 9.7 Fighting
 + Level 12.5 Maces & Flails
 + Level 5.4(5.7) Slings
 + Level 2.2(3.9) Throwing
 + Level 10.9 Armour
 + Level 3.1 Dodging
 + Level 0.9 Stealth
 + Level 9.6 Shields
 + Level 1.4 Invocations
 + Level 0.2 Evocations


You had 10 spell levels left.
You didn't know any spells.
Your spell library contained the following spells:

 Spells                   Type           Power        Failure   Level
 Animate Skeleton         Necr           0%           98%         1
 Freeze                   Ice            0%           98%         1
 Pain                     Necr           0%           98%         1
 Frozen Ramparts          Ice            0%           100%        3
 Ozocubu's Armour         Ice            0%           100%        3
 Vampiric Draining        Necr           0%           100%        3
 Animate Dead             Necr           0%           100%        4
 Hailstorm                Conj/Ice       0%           100%        4
 Summon Ice Beast         Ice/Summ       0%           100%        4
 Agony                    Necr           0%           100%        5


Dungeon Overview and Level Annotations

Branches:
Dungeon (12/15)            Temple (0/1) D:6
   Lair: D:8-11         Orc: D:9-12

Altars:
Cheibriados
Fedhas
Gozag
Hepliaklqana
Kikubaaqudgha
Nemelex Xobeh
Ru
Sif Muna
Trog
Uskayaw
Xom
Yredelemnul
The Shining One

Shops:
D:4 *

Annotations:
D:10 Jaiteiro's ghost, novice FoFi
D:12 Erolcha


Innate Abilities, Weirdness & Mutations

You reflexively headbutt those who attack you in melee.
You have a pair of horns on your head.


Message History

You feel strangely unstable.
You feel the power of the Abyss delaying your translocation!
The eidolon gives a chilling moan.
The thrashing horror is engulfed in seething chaos.
You block the thrashing horror's attack.
The thrashing horror tramples you but does no damage.
The thrashing horror is engulfed in seething chaos.
The thrashing horror seems to grow stronger.
The thrashing horror tramples you! The Shining One protects you from harm!
You hold your ground!
The thrashing horror tramples you.
* * * LOW HITPOINT WARNING * * *
You hold your ground!
The thrashing horror is engulfed in seething chaos.
You block the thrashing horror's attack.
The thrashing horror tramples you but does no damage.
The thrashing horror is engulfed in seething chaos.
You block the thrashing horror's attack.
The thrashing horror tramples you!
You die...

... #. # # #
###. ##. ..
.#. #.
##..###. #
#.#.. . #.##
#
...#.#.###.
. #.
##..##.X# #
#.## #.## #
#....#.#.#X#
##...##
.####.#.D .
#.X....X. .
#.....W.X##
# ####.. . #
# .....##
#@# # #. # .
##W. ### #.#
#. . #.. #
## #


You could see a bone dragon, an eidolon and a thrashing horror (fast, strong).

Vanquished Creatures
  Nessos (D:12)
  2 two-headed ogres
  2 thrashing horrors (Abyss:1)
  Urug (D:12)
  A large abomination (Abyss:1)
  A deep elf mage (D:9)
  A hellwing (Abyss:1)
  A hornet (D:9)
  Prince Ribbit (D:6)
  A vampire (D:10)
  9 yaks
  A chaos spawn (Abyss:1)
  A water moccasin (D:6)
  3 orc warriors
  3 ice beasts
  5 sky beasts
  A necrophage (D:9)
  2 phantoms (D:9)
  3 ogres
  5 centaurs
  2 big kobolds
  4 bullfrogs
  A wyvern zombie (D:10)
  2 gnoll sergeants (D:8)
  A water moccasin zombie (D:8)
  A scorpion (D:6)
  14 killer bees
  A wight (D:10)
  4 howler monkeys
  3 quasits
  A jelly (D:10)
  Crazy Yiuf (D:7)
  2 orc priests
  A gnoll shaman (D:8)
  7 hounds
  7 orc wizards
  A bullfrog skeleton (D:10)
  3 centaur skeletons
  6 iguanas
  8 worker ants
  Robin (D:2)
  13 adders
  11 gnolls (D:8)
  A howler monkey skeleton (D:4)
  2 shadow imps
  3 white imps
  An ufetubus (D:5)
  2 oozes
  An adder skeleton (D:4)
  3 worms
  3 dart slugs
  4 leopard geckos
  25 orcs
  5 giant cockroaches
  10 goblins (D:2)
  10 hobgoblins
  15 jackals
  21 kobolds
  5 quokkas
  2 ball pythons
  8 bats
  7 frilled lizards
  A jackal zombie (D:5)
  A quokka skeleton (D:4)
  6 rats
276 creatures vanquished.

Vanquished Creatures (others)
  A wizard (D:4)
1 creature vanquished.

Grand Total: 277 creatures vanquished

Notes
Turn   | Place    | Note
-------+----------+-------------------------------------------
     0 | D:1      | funkygono the Minotaur Fighter began the quest for the Orb.
     0 | D:1      | Reached XP level 1. HP: 19/19 MP: 0/0
   188 | D:1      | Reached XP level 2. HP: 26/27 MP: 1/1
   906 | D:1      | Reached XP level 3. HP: 33/33 MP: 2/2
  1069 | D:2      | Noticed Robin
  1347 | D:2      | Reached skill level 3 in Maces & Flails
  1438 | D:2      | Reached XP level 4. HP: 40/40 MP: 3/3
  1441 | D:2      | Noticed a bullfrog
  1447 | D:2      | Killed a bullfrog
  1448 | D:2      | Reached skill level 1 in Dodging
  1568 | D:2      | Reached XP level 5. HP: 43/46 MP: 4/4
  1614 | D:2      | Killed Robin
  1790 | D:2      | Found a shimmering altar of Xom.
  1942 | D:3      | Reached skill level 4 in Maces & Flails
  1944 | D:3      | Found a blossoming altar of Fedhas.
  2354 | D:3      | Reached skill level 5 in Armour
  2885 | D:4      | Noticed an ogre
  2905 | D:4      | Reached XP level 6. HP: 14/53 MP: 5/5
  2906 | D:4      | Reached skill level 5 in Shields
  2966 | D:4      | Reached skill level 5 in Maces & Flails
  3468 | D:4      | Reached XP level 7. HP: 60/60 MP: 6/6
  3685 | D:4      | Found a bloodstained altar of Trog.
  3686 | D:4      | Noticed a wizard
  3691 | D:4      | Killed a wizard
  3719 | D:4      | Found a sacrificial altar of Ru.
  3810 | D:4      | Found Yjubo's Assorted Antiques.
  3841 | D:5      | Entered Level 5 of the Dungeon
  3850 | D:5      | Reached skill level 5 in Fighting
  4023 | D:5      | Found an opulent altar of Gozag.
  4024 | D:5      | Found a glowing golden altar of the Shining One.
  4024 | D:5      | Found a snail-covered altar of Cheibriados.
  4025 | D:5      | Found an ancient bone altar of Kikubaaqudgha.
  4025 | D:5      | Found a basalt altar of Yredelemnul.
  4031 | D:5      | Reached skill level 6 in Maces & Flails
  4037 | D:5      | Became a worshipper of the Shining One
  4219 | D:5      | Found a shimmering blue altar of Sif Muna.
  4701 | D:6      | Noticed Prince Ribbit
  4702 | D:6      | Reached XP level 8. HP: 68/68 MP: 7/7
  4715 | D:6      | Reached skill level 7 in Maces & Flails
  4745 | D:6      | Killed Prince Ribbit
  4746 | D:6      | Reached skill level 1 in Throwing
  5075 | D:6      | Found a staircase to the Ecumenical Temple.
  5410 | D:6      | Found a blossoming altar of Fedhas.
  5477 | D:6      | You fall into a shaft and drop 3 floors!
  5486 | D:9      | Reached skill level 8 in Maces & Flails
  5928 | D:6      | Identified a scroll of acquirement
  5928 | D:6      | Acquired a +1 buckler of protection
  6038 | D:7      | Reached * piety under the Shining One
  6062 | D:7      | Reached XP level 9. HP: 45/78 MP: 8/8
  6702 | D:7      | Found a runed translucent door.
  6703 | D:7      | Noticed Crazy Yiuf
  6709 | D:7      | Killed Crazy Yiuf
  6955 | D:8      | Reached skill level 9 in Maces & Flails
  7352 | D:8      | Found a hide-covered altar of Uskayaw.
  7352 | D:8      | Found a hazy altar of Hepliaklqana.
  7452 | D:8      | Reached skill level 1 in Slings
  7771 | D:9      | Reached skill level 10 in Maces & Flails
  7843 | D:9      | Noticed a deep elf mage
  7844 | D:9      | Noticed a demonic crawler
  7845 | D:9      | Noticed a rust devil
  7854 | D:9      | Killed a deep elf mage
  7855 | D:9      | Reached XP level 10. HP: 33/86 MP: 9/9
  8460 | D:9      | Found a sparkling altar of Nemelex Xobeh.
  8563 | D:9      | Reached ** piety under the Shining One
  8611 | D:9      | Reached skill level 11 in Maces & Flails
  8611 | D:9      | Reached skill level 10 in Armour
  9023 | D:9      | Got an ancient leather armour
  9034 | D:9      | Identified the +3 leather armour "Maeda" {Str+4 Int+3
                  | Dex-5} (You found it on level 9 of the Dungeon)
  9068 | D:10     | Entered Level 10 of the Dungeon
  9193 | D:10     | Noticed a two-headed ogre
  9222 | D:10     | Killed a two-headed ogre
  9665 | D:10     | Reached skill level 5 in Slings
  9671 | D:10     | Reached XP level 11. HP: 75/97 MP: 4/10
  9784 | D:10     | Noticed a two-headed ogre
  9785 | D:10     | Noticed Jaiteiro's ghost (novice FoFi)
  9786 | D:10     | Noticed a two-headed ogre
  9787 | D:10     | Found a transporter.
  9787 | D:10     | You fall into a shaft and drop 2 floors!
  9798 | D:12     | Noticed Nessos
  9799 | D:12     | Noticed Urug
  9855 | D:12     | Killed Urug
  9878 | D:12     | Killed Nessos
  9879 | D:12     | Reached skill level 1 in Invocations
 10056 | D:12     | Noticed a two-headed ogre
 10061 | D:12     | Noticed Erolcha
 10063 | D:12     | Killed a two-headed ogre
 10072 | D:12     | Cast into level 1 of the Abyss (Erolcha)
 10190 | Abyss:1  | Noticed a white ugly thing
 10190 | Abyss:1  | Noticed a white ugly thing
 10192 | Abyss:1  | Noticed a white very ugly thing
 10196 | Abyss:1  | Noticed a white very ugly thing
 10196 | Abyss:1  | Noticed a white ugly thing
 10198 | Abyss:1  | Noticed a thrashing horror
 10208 | Abyss:1  | Noticed a thrashing horror
 10216 | Abyss:1  | Found a corrupted altar of Lugonu.
 10231 | Abyss:1  | Killed a thrashing horror
 10232 | Abyss:1  | Reached skill level 12 in Maces & Flails
 10257 | Abyss:1  | Noticed a rakshasa
 10298 | Abyss:1  | Noticed a starcursed mass
 10307 | Abyss:1  | Found a corrupted altar of Lugonu.
 10343 | Abyss:1  | Noticed a large abomination
 10358 | Abyss:1  | Killed a large abomination
 10375 | Abyss:1  | Noticed a thrashing horror
 10388 | Abyss:1  | Killed a thrashing horror
 10393 | Abyss:1  | Noticed a thrashing horror
 10393 | Abyss:1  | Noticed a bone dragon
 10393 | Abyss:1  | Reached *** piety under the Shining One
 10412 | Abyss:1  | Noticed an eidolon
 10421 | Abyss:1  | The Shining One protects you from harm!
 10421 | Abyss:1  | Slain by a thrashing horror

Illustrated notes

Levels and vault maps discovered:
D:1:      matt_arrival_refuge, layout_basic
D:2:      kb_forest_paths, layout_basic, marbit_many_paths, due_unseen_surprise,
          uniq_robin
D:3:      layout_basic, old_standard_altar
D:4:      layout_rooms, nicolae_ru_sacrificial_ziggurat, serial_shops, shop,
          trog_wizard
D:5:      layout_rooms, grunt_temple_overflow_open, led_sif_pool,
          grunt_ministairs_10
D:6:      layout_basic, minmay_temple_entry_enclosed_plants,
          fedhas_altar_fruit_tree, uniq_prince_ribbit1
D:7:      layout_loops_corners, uniq_crazy_yiuf_cottage
D:8:      layout_loops_cross, gammafunk_temple_overflow_wave
D:9:      layout_roguey, overflow_temple_1_default, serial_curves,
          eino_curves_04, eino_curves_01, enter_bailey_2
D:10:     gammafunk_corrupted_shrine, layout_rooms, orc_0_dummy,
          gammafunk_ghost_smash, onia_ninara_cookie
D:12:     layout_small_grid, minmay_misc_feat_ornament, minmay_pinched_square,
          uniq_urug, uniq_nessos, uniq_erolcha, uniq_azrael
Abyss:1:  base:
D:7

Skill      XL: |  1  2  3  4  5  6  7  8  9 10 11 |
---------------+----------------------------------+-----
Armour         | 4 5 6 7 9 10 | 10.9
Shields        | 4 5 6 7 8 9 |  9.6
Fighting       | 4 5 6 7 9 |  9.7
Maces & Flails | 3 4 5 6 8 10 11 12 | 12.5
Dodging        | 1 2 3 |  3.1
Throwing       | 1 2 |  2.2
Slings         | 2 5 |  5.4
Invocations    | 1 |  1.4
Stealth        | |  0.9
Evocations     | |  0.2

Action                   |  1- 3 |  4- 6 |  7- 9 | 10-12 || total
-------------------------+-------+-------+-------+-------++-------
Melee: Flail             |    95 |   172 |   330 |   203 ||   800
       Headbutt          |    10 |    26 |    72 |    44 ||   152
       Eveningstar       |       |       |       |    57 ||    57
 Fire: Fustibalus        |       |       |    34 |    60 ||    94
Throw: Javelin           |     7 |     3 |     1 |       ||    11
       Boomerang         |       |       |     9 |     2 ||    11
Invok: Divine Shield     |       |       |       |     6 ||     6
Evoke: Wand              |       |       |     3 |       ||     3
  Use: Scroll            |     2 |     5 |    13 |     6 ||    26
       Potion            |       |       |     2 |     4 ||     6
Armor: Scale mail        |    49 |    81 |    27 |       ||   157
       Plate armour      |       |       |   103 |   137 ||   240
Dodge: Dodged            |    25 |    63 |   146 |   128 ||   362
Block: Kite shield       |    64 |    91 |    65 |       ||   220
       Buckler           |       |       |    50 |   122 ||   172
